 Dungeon Sprint DCSS version 0.30.1-11-g7821555f0a (webtiles) character file.

Game seed: 2073060560445978900

849 Heoruswealwe the Spear-Bearer (level 7, -8/73 HPs)
             Began as a Minotaur Fighter on Nov 1, 2023.
             Was an Initiate of Gozag.
             Mangled by a centaur warrior (11 damage)
             ... in the Dungeon (Sprint IX: "|||||||||||||||||||||||||||||").
             The game lasted 00:01:40 (138 turns).

Heoruswealwe the Spear-Bearer (Minotaur Fighter)     Turns: 138, Time: 00:01:41

Health: -8/73      AC:  8    Str: 22    XL:     7   Next: 69%
Magic:  6/6        EV:  9    Int:  5    God:    Gozag
Gold:   495        SH:  4    Dex: 10    Spells: 6/6 levels left

rFire   . . .        a - +0 trident
rCold   . . .        d - +0 buckler
rNeg    . . .        c - +0 scale mail
rPois   .            (helmet restricted)
rElec   .            (no cloak)
rCorr   .            (no gloves)
SInv    .            (no boots)
Will    .....        (no amulet) Stlth
                     (no ring)
HPRegen 0.32/turn    (no ring)
MPRegen 0.10/turn

%: no teleportation
@: no status effects
A: horns 2, retaliatory headbutt
a: Renounce Religion, Potion Petition, Call Merchant, Bribe Branch


You were in the Dungeon.
You worshipped Gozag.
Gozag was aware of your devotion.
You visited 1 branch You collected 495 gold pieces.

Inventory:

Hand Weapons
 a - a +0 trident (weapon)
Armour
 c - a +0 scale mail (worn)
 d - a +0 buckler (worn)
Jewellery
 k - a +2 ring of evasion
 l - a +3 ring of strength
Wands
 h - a wand of iceblast (10)
Scrolls
 j - 2 scrolls of blinking
Potions
 b - a potion of might
 e - 5 potions of curing
 f - 3 potions of heal wounds
 g - a potion of haste
 i - a potion of berserk rage


   Skills:
 + Level 10.8 Fighting
 * Level 14.3 Polearms
 + Level 10.8 Armour
 - Level 3.6 Shields


You had 6 spell levels left.
You didn't know any spells.
Your spell library was empty.

Dungeon Overview and Level Annotations

Branches:
Dungeon (1/1)

Altars:
Cheibriados
Dithmenos
Elyvilon
Fedhas
Gozag
Hepliaklqana
Kikubaaqudgha
Makhleb
Nemelex Xobeh
Okawaru
Qazlal
Ru
Sif Muna
Trog
Uskayaw
Vehumet
Wu Jian
Xom
Yredelemnul
Zin
The Shining One
Jiyva
Lugonu


Innate Abilities, Weirdness & Mutations

You have a pair of horns on your head.
You reflexively headbutt those who attack you in melee.


Message History

You puncture the centaur!
You headbutt the centaur, but do no damage.
The centaur is moderately wounded.
The centaur hits you but does no damage.
The centaur barely misses you.
You puncture the centaur! You headbutt the centaur.
The centaur is almost dead.
You block the centaur's attack. x2
You hit the centaur.
You kill the centaur!
Your Polearms skill increases to level 14!
You puncture the howler monkey! Your headbutt misses the howler monkey.
The howler monkey is moderately wounded.
The howler monkey hits you but does no damage.
You puncture the howler monkey! You headbutt the howler monkey.
You kill the howler monkey!
You now have 216 gold pieces.
You see here a +0 shortbow.
You see here a +0 shortbow.
You now have 342 gold pieces (gained 126).
You see here a +0 shortbow.
You now have enough gold to petition Gozag for potion effects.
You now have 495 gold pieces (gained 153).
There is an open door to the Dungeon, spattered with blood here.
Items here: )) [[.
You see here a +0 shortbow.
You see here a +0 shortbow.
You open the door.
A boulder beetle, a cyclops, a howler monkey, a green ugly thing and 2 centaur warriors come into view.
The centaur warrior shouts!
The howler monkey howls!
The green ugly thing gurgles horribly!
The centaur warrior shouts!
The centaur warrior wields a +0 longbow.
The centaur warrior shoots an arrow.
The arrow hits you!
* * * LOW HITPOINT WARNING * * *
You barely miss the centaur warrior.
The howler monkey hoots and howls with incredible vigour!
The centaur warrior unwields a +0 longbow.
The centaur warrior hits you!
You die...
Your body crumbles into a pile of gold.

▓B▓
▓h▓
▓c▓
▓C▓
▓.▓
▓u▓
▓c▓
▓@▓
$
▓.▓
$
▓.▓
$ $
▓.▓
$
▓)▓
$ $
▓)▓
▓)▓
$
▓.▓
$
▓.▓
$


You could see a boulder beetle, a green ugly thing, 2 centaur warriors, a
cyclops and a howler monkey (catching breath).

Vanquished Creatures
  A kobold demonologist (D)
  A wraith (D)
  2 centaurs (D)
  A phantom (D)
  A scorpion (D)
  A wight (D)
  A howler monkey (D)
  2 hounds (D)
  A gnoll (D)
  An endoplasm (D)
  A hobgoblin (D)
  A jackal (D)
  A ball python (D)
  A kobold (D)
16 creatures vanquished.

Notes
Turn   | Place    | Note
-------+----------+-------------------------------------------
     0 | D        | Heoruswealwe the Minotaur Fighter began the quest for the
                  | Orb.
     0 | D        | Reached XP level 1. HP: 19/19 MP: 0/0
     7 | D        | Reached skill level 3 in Polearms
    23 | D        | Noticed a phantom
    23 | D        | Noticed a scorpion
    23 | D        | Noticed a hound
    23 | D        | Noticed a hound
    26 | D        | Killed a hound
    27 | D        | Reached skill level 5 in Fighting
    27 | D        | Reached skill level 5 in Polearms
    27 | D        | Reached skill level 5 in Armour
    27 | D        | Reached XP level 2. HP: 15/29 MP: 1/1
    27 | D        | Reached XP level 3. HP: 19/36 MP: 2/2
    35 | D        | Reached skill level 6 in Polearms
    40 | D        | Reached skill level 7 in Polearms
    40 | D        | Reached XP level 4. HP: 10/44 MP: 3/3
    41 | D        | Killed a scorpion
    42 | D        | Reached skill level 8 in Polearms
    45 | D        | Killed a phantom
    46 | D        | Reached skill level 10 in Polearms
    46 | D        | Reached XP level 5. HP: 13/53 MP: 4/4
    51 | D        | Found a snail-covered altar of Cheibriados.
    51 | D        | Found a shadowy altar of Dithmenos.
    51 | D        | Found a white marble altar of Elyvilon.
    51 | D        | Found a blossoming altar of Fedhas.
    51 | D        | Found an opulent altar of Gozag.
    52 | D        | Found a hazy altar of Hepliaklqana.
    53 | D        | Found a viscous altar of Jiyva.
    54 | D        | Found an ancient bone altar of Kikubaaqudgha.
    55 | D        | Found a corrupted altar of Lugonu.
    56 | D        | Found a burning altar of Makhleb.
    57 | D        | Found a sparkling altar of Nemelex Xobeh.
    58 | D        | Found an iron altar of Okawaru.
    59 | D        | Became a worshipper of Gozag Ym Sagoz the Greedy
    60 | D        | Found a stormy altar of Qazlal.
    61 | D        | Found a sacrificial altar of Ru.
    62 | D        | Found a shimmering blue altar of Sif Muna.
    63 | D        | Found a bloodstained altar of Trog.
    64 | D        | Found a hide-covered altar of Uskayaw.
    65 | D        | Found a radiant altar of Vehumet.
    66 | D        | Found an ornate altar of the Wu Jian Council.
    67 | D        | Found a shimmering altar of Xom.
    68 | D        | Found a basalt altar of Yredelemnul.
    69 | D        | Found a glowing silver altar of Zin.
    70 | D        | Found a glowing golden altar of the Shining One.
    94 | D        | Noticed a centaur
    94 | D        | Noticed a centaur
    94 | D        | Noticed a kobold demonologist
    94 | D        | Noticed a wraith
   105 | D        | Killed a wraith
   106 | D        | Reached skill level 12 in Polearms
   106 | D        | Reached XP level 6. HP: 16/63 MP: 5/5
   109 | D        | Killed a kobold demonologist
   110 | D        | Reached skill level 10 in Fighting
   110 | D        | Reached skill level 13 in Polearms
   110 | D        | Reached skill level 10 in Armour
   110 | D        | Reached XP level 7. HP: 12/72 MP: 6/6
   121 | D        | Reached skill level 14 in Polearms
   137 | D        | Noticed a boulder beetle
   137 | D        | Noticed a centaur warrior
   137 | D        | Noticed a cyclops
   137 | D        | Noticed a green ugly thing
   137 | D        | Noticed a centaur warrior
   137 | D        | HP: 3/73 [centaur warrior/arrow (13)]
   138 | D        | Mangled by a centaur warrior

Illustrated notes

Levels and vault maps discovered:
D:        linesprint [early_d, line_temple, items_1, d_10, items_2, lair_1,
          lair_end, items_3, orc_1, orc_end, items_4, d_15, swamp_1, shoals_1,
          snake_1, spider_1, d_20, vaults_1, items_5, swamp_end, shoals_end,
          snake_end, spider_end, vaults_end, d_27, items_6, zot_1, zot_end,
          crypt_end, forest_end, elf_end, slime_end, tomb_end, abyss_end,
          pan_hell_end]

Skill      XL: |  1  2  3  4  5  6  7 |
---------------+----------------------+-----
Polearms       | 5 7 10 12 13 14 | 14.3
Fighting       | 5 6 7 9 10 | 10.8
Armour         | 5 6 7 9 10 | 10.8
Shields        | |  3.6

Action                     |  1- 3 |  4- 6 |  7- 9 || total
---------------------------+-------+-------+-------++-------
  Melee: Trident           |    27 |    21 |    12 ||    60
         Headbutt          |     4 |     6 |     5 ||    15
   Stab: Distracted        |       |       |     1 ||     1
 Armour: Scale mail        |     8 |     4 |     7 ||    19
  Dodge: Dodged            |    12 |     4 |     5 ||    21
  Block: Buckler           |     5 |     1 |     4 ||    10
